 Dungeon Crawl Stone Soup version 0.31.0-11-ge490571c62 (webtiles) character file.

Game seed: 13661834646324028797

4412 hikkokomori the Blocker (level 10, -1/83 HPs)
             Began as a Formicid Fighter on Feb 1, 2024.
             Was an Initiate of Gozag.
             Slain by Harold
             ... wielding a +0 hand axe
              (4 damage)
             ... on level 9 of the Dungeon.
             The game lasted 00:17:26 (8723 turns).

hikkokomori the Blocker (Formicid Fighter)          Turns: 8723, Time: 00:17:26

Health: -1/83      AC:  7    Str: 22    XL:     10   Next: 62%
Magic:  10/10      EV: 10    Int:  9    God:    Gozag
Gold:   809        SH: 11    Dex: 15    Spells: 9/9 levels left

rFire   + + .        g - +7 broad axe of Sunlight {spect, rF++}
rCold   . . .        v - +0 kite shield
rNeg    . . .        l - +3 leather armour
rPois   .            (helmet unavailable)
rElec   .            (no cloak)
rCorr   .            (no gloves)
SInv    +            (no boots)
Will    +....        (no amulet)
Stlth   ++           (no ring)
HPRegen 0.33/turn    (no ring)
MPRegen 0.12/turn

%: no passive effects
@: marked
A: permanent stasis, dig shafts and tunnels, antennae 3, four strong arms
a: Dig, Shaft Self, Renounce Religion, Potion Petition, Call Merchant, Bribe
Branch


You were on level 9 of the Dungeon.
You worshipped Gozag.
Gozag was pleased with you.
You visited 2 branches of the dungeon, and saw 10 of its levels.
You also visited: Sewer.

You collected 893 gold pieces.
You paid 84 gold pieces to Gozag.

Inventory:

Hand Weapons
 a - a +1 war axe
 g - the +7 broad axe of Sunlight (weapon) {spect, rF++}
   (You acquired it on level 6 of the Dungeon)

   rF++:      It greatly protects you from fire.
 h - a +3 dagger
 x - a +0 orcbow
 z - a +0 hand axe of draining
 L - a +1 scimitar of flaming
Missiles
 s - 8 poisoned darts
 y - 6 atropa-tipped darts
Armour
 b - a +0 scale mail
 c - a +0 buckler
 l - a +3 leather armour (worn)
 o - a +0 plate armour
 v - a +0 kite shield (worn)
 H - a +0 ring mail of cold resistance
 J - a +2 robe of willpower
Jewellery
 K - a +6 ring of dexterity
Wands
 t - a wand of paralysis (12)
 w - a wand of polymorph (8)
 A - a wand of flame (16)
 D - a wand of light (30)
 M - a wand of iceblast (3)
Scrolls
 f - 5 scrolls of noise
 i - 2 scrolls of blinking
 j - a scroll of poison
 m - 3 scrolls of teleportation
 B - 2 scrolls of revelation
 E - a scroll of vulnerability
 G - a scroll of enchant weapon
Potions
 d - 4 potions of haste
 e - 3 potions of attraction {unknown}
 k - a potion of enlightenment
 n - 2 potions of cancellation
 p - 3 potions of mutation
 q - 4 potions of magic
 r - 2 potions of curing
 u - a potion of invisibility
 C - a potion of heal wounds
 F - a potion of ambrosia {unknown}
 I - a potion of degeneration {unknown}


   Skills:
 + Level 9.1 Fighting
 + Level 4.9 Axes
 - Level 2.1 Ranged Weapons
 - Level 7.5 Armour
 + Level 3.4 Stealth
 + Level 9.8 Shields
 + Level 6.8 Evocations


You had 9 spell levels left.
You didn't know any spells.
Your spell library contained the following spells:

 Spells                   Type           Power      Damage    Failure   Level
 Shock                    Conj/Air       0%         1d3       63%         1
 Ensorcelled Hibernation  Hex/Ice        0%         N/A       77%         2
 Hailstorm                Conj/Ice       0%         3d5       94%         3
 Passwall                 Erth           0%         N/A       94%         3
 Summon Ice Beast         Ice/Summ       0%         N/A       94%         3
 Airstrike                Air            0%         2d(0-16)  100%        4
 Brom's Barrelling Bould  Conj/Erth      0%         2d3       100%        4
 Fireball                 Conj/Fire      0%         3d3       100%        5
 Iskenderun's Battlesphe  Conj           0%         2d6       100%        5
 Conjure Ball Lightning   Conj/Air       0%         3x3d6     100%        6
 Plasma Beam              Fire/Air       0%         2x1d10    100%        6
 Sculpt Simulacrum        Ice/Alch       0%         N/A       100%        6
 Haunt                    Necr/Summ      0%         N/A       100%        7
 Orb of Destruction       Conj           0%         9d5       100%        7
 Infestation              Necr           0%         N/A       100%        8
 Maxwell's Capacitive Co  Air            0%         ∞         100%        8
 Swiftness                Air            Unusable   N/A       N/A         3
 Animate Dead             Necr           Unusable   N/A       N/A         4

Dungeon Overview and Level Annotations

Branches:
Dungeon (9/15)             Temple (1/1) D:5           Sewer (visited)
   Lair: D:8-11         Orc: D:9-12

Altars:
Ashenzari
Cheibriados
Dithmenos
Elyvilon
Fedhas
Gozag
Hepliaklqana
Kikubaaqudgha
Makhleb
Nemelex Xobeh
Okawaru
Qazlal
Ru
Sif Muna
Trog
Uskayaw
Vehumet
Wu Jian
Xom
Yredelemnul
Zin
The Shining One

Shops:
D:4 **

Annotations:
D:7 4 runed translucent doors, Crazy Yiuf; Drazool's ghost, novice NaSh
D:9 Harold


Innate Abilities, Weirdness & Mutations

You cannot be hasted, slowed, berserked, paralysed or teleported.
You can dig through walls and to a lower floor.
You have a pair of large antennae on your head. (SInv)
Your four strong arms can wield two-handed weapons with a shield.


Message History

Harold is severely wounded.
Your +7 broad axe of Sunlight {spect, rF++} hits Harold.
Harold hits you with a +0 hand axe!
* * * LOW HITPOINT WARNING * * *
Harold closely misses your +7 broad axe of Sunlight {spect, rF++}.
Harold hits you with a +0 hand axe.
* * * LOW HITPOINT WARNING * * *
Harold hits your +7 broad axe of Sunlight {spect, rF++} with a +0 hand axe!
Your spectral weapon shares its damage with you!
* * * LOW HITPOINT WARNING * * *
Unknown command.
Unknown command.
Aiming: Polymorph
Press: ? - help, Shift-Dir - straight line, f - Harold
Aim: Harold, wielding a +0 hand axe, wearing a +2 chain mail of poison resistance and quivering a throwing net (almost dead, will become a rime drake, a golden eye, or a troll, chance to affect: 30%)
Okay, then.
Aiming: Bolt of Light
Press: ? - help, Shift-Dir - straight line, f - centaur
Aim: a centaur (84% to hit)
The bolt of light hits Harold!
Harold is almost dead.
Harold is blinded.
The bolt of light hits the centaur!!
The centaur is almost dead.
The centaur is blinded.
Your +7 broad axe of Sunlight {spect, rF++} disappears.
The centaur wields a +0 shortbow.
The centaur shoots an arrow.
The arrow hits Harold.
Harold hits you with a +0 hand axe!
* * * LOW HITPOINT WARNING * * *
Unknown command.
Unknown command.
Unknown command.
Unknown command.
You catch the helpless Harold completely off-guard!
You hit Harold.
Harold is almost dead.
Your +7 broad axe of Sunlight {spect, rF++} completely misses Harold.
Harold hits you with a +0 hand axe.
You die...
Harold says, "Time to retire."
Your body crumbles into a pile of gold.

####### { #.....# #.###.# {
#.#...######## ######
#.###.'.....@###########.....
#...#.######(@c........'.....
###.#.# #############.....
#...# #..... #########.#
#..... ..........# #@....
####'###### #..... #..#
###### ##.###


You could see Harold (blind, unable to see you), a centaur (blind, unable to see
you) and a friendly +7 broad axe of Sunlight {spect, rF++}.

Vanquished Creatures
  Erica (D:8)
  Psyche (D:8)
  A troll (D:6)
  5 yaks (D:9)
  2 water moccasins
  Duvessa (D:4)
  An ogre (D:3)
  4 centaurs
  3 phantoms
  3 bullfrogs
  4 gnoll sergeants
  A scorpion (D:4)
  Dowan (D:4)
  5 killer bees (D:8)
  A howler monkey (D:7)
  7 hounds
  2 orc priests
  3 jellies (Sewer)
  4 iguanas
  Jessica (D:2)
  A sleepcap (D:6)
  2 orc wizards (D:7)
  11 adders
  18 gnolls
  A river rat (Sewer)
  2 dart slugs
  A ribbon worm (D:2)
  12 orcs
  7 ball pythons
  A bat (D:1)
  12 endoplasms
  10 giant cockroaches
  6 goblins
  3 hobgoblins
  7 kobolds
  3 quokkas
  6 frilled lizards
  6 rats
160 creatures vanquished.

Vanquished Creatures (others)
  A spectral weapon (D:9)
1 creature vanquished.

Grand Total: 161 creatures vanquished

Notes
Turn   | Place    | Note
-------+----------+-------------------------------------------
     0 | D:1      | hikkokomori the Formicid Fighter began the quest for the
                  | Orb.
     0 | D:1      | Reached XP level 1. HP: 18/18 MP: 1/1
   165 | D:1      | Reached XP level 2. HP: 24/24 MP: 2/2
   831 | D:2      | Reached XP level 3. HP: 30/30 MP: 3/3
  1374 | D:2      | Reached XP level 4. HP: 34/37 MP: 4/4
  1485 | D:2      | Noticed Jessica
  1492 | D:2      | Killed Jessica
  1493 | D:2      | Reached skill level 5 in Shields
  1849 | D:3      | Noticed an ogre
  1854 | D:3      | Killed an ogre
  1855 | D:3      | Reached XP level 5. HP: 14/43 MP: 5/5
  2531 | D:3      | Noticed a phantom
  2563 | D:3      | Killed a phantom
  2564 | D:3      | Reached skill level 5 in Fighting
  2564 | D:3      | Reached skill level 5 in Armour
  2564 | D:3      | Reached XP level 6. HP: 30/51 MP: 6/6
  2647 | D:4      | Found a glowing drain.
  2663 | Sewer    | Entered a sewer
  2874 | Sewer    | Reached XP level 7. HP: 24/56 MP: 7/7
  3015 | Sewer    | Found a viscous altar of Jiyva.
  3153 | D:4      | Noticed Duvessa
  3160 | D:4      | Noticed Dowan
  3180 | D:4      | Killed Duvessa
  3191 | D:4      | Killed Dowan
  3350 | D:4      | Reached skill level 1 in Evocations
  3468 | D:4      | Found Ofecuthru's Assorted Antiques.
  3494 | D:4      | Reached XP level 8. HP: 58/64 MP: 8/8
  3758 | D:4      | Found Iraq's General Store.
  4170 | D:4      | Found a glowing silver altar of Zin.
  4170 | D:4      | Noticed an angel
  4268 | D:5      | Entered Level 5 of the Dungeon
  4884 | D:5      | Found a staircase to the Ecumenical Temple.
  5028 | D:5      | Found a hazy altar of Hepliaklqana.
  5028 | D:5      | Found an iron altar of Okawaru.
  5084 | Temple   | Entered the Ecumenical Temple
  5109 | Temple   | Became a worshipper of Gozag Ym Sagoz the Greedy
  5756 | D:6      | Reached skill level 1 in Ranged Weapons
  5756 | D:6      | Reached XP level 9. HP: 47/72 MP: 9/9
  6058 | D:6      | Noticed a troll
  6072 | D:6      | HP: 2/72 [troll (6)]
  6081 | D:6      | HP: 1/72 [troll (4)]
  6087 | D:6      | Killed a troll
  6480 | D:6      | Identified a scroll of acquirement
  6480 | D:6      | Acquired the +7 broad axe of Sunlight {spect, rF++}
  6836 | D:7      | Found a runed translucent gate.
  6836 | D:7      | Found a runed translucent gate.
  6836 | D:7      | Found a runed translucent gate.
  6836 | D:7      | Noticed Drazool's ghost (novice NaSh)
  7099 | D:7      | Reached skill level 5 in Evocations
  7414 | D:7      | Found a runed translucent door.
  7415 | D:7      | Noticed Crazy Yiuf
  7809 | D:8      | Got Rostrot's Vellum of Electricity
  7880 | D:8      | Noticed Psyche
  7887 | D:8      | Killed Psyche
  7888 | D:8      | Reached XP level 10. HP: 64/82 MP: 10/10
  7973 | D:8      | Noticed Erica
  8096 | D:9      | Reached skill level 1 in Stealth
  8262 | D:8      | Killed Erica
  8591 | D:9      | Found a basalt altar of Yredelemnul.
  8693 | D:9      | Noticed Harold
  8722 | D:9      | HP: 3/83 [Harold/+0 hand axe (10)]
  8723 | D:9      | Slain by Harold

Illustrated notes

Levels and vault maps discovered:
D:1:      dpeg_arrival_shelter, layout_basic
D:2:      layout_loops_corners, minmay_close_crescents, uniq_jessica
D:3:      layout_loops_cross
D:4:      layout_loops_ring, zin_angel, portal_sewer_entry_d,
          nicolae_inconvenience_store, kennysheep_diamond, grunt_ministairs_3,
          hangedman_decor_growths, uniq_duvessa
D:5:      layout_cave_pools, gammafunk_temple_overflow_pools,
          lemuel_temple_firewalk_b, roderic_nine_men_s_morris
D:6:      layout_basic
D:7:      layout_basic, gammafunk_ghost_necromancy, uniq_crazy_yiuf_cottage
D:8:      layout_cave_pools, dreamdust_wishing_well, uniq_erica, uniq_psyche,
          uniq_jeremiah
D:9:      layout_roguey, mainiacjoe_overflow_alcove_1, uniq_maurice,
          uniq_harold, uniq_amaemon
Temple:   nicolae_temple_bog_church

Skill      XL: |  1  2  3  4  5  6  7  8  9 10 |
---------------+-------------------------------+-----
Armour         | 4 5 6 7 |  7.5
Fighting       | 4 5 6 7 8 9 |  9.1
Shields        | 5 6 7 8 9 |  9.8
Evocations     | 1 4 5 6 |  6.8
Ranged Weapons | 1 2 |  2.1
Axes           | 3 4 |  4.9
Stealth        | 3 |  3.4

Action                     |  1- 3 |  4- 6 |  7- 9 | 10-12 || total
---------------------------+-------+-------+-------+-------++-------
  Melee: War axe           |    80 |   136 |   179 |       ||   395
         Hand axe          |       |       |    54 |       ||    54
         Broad axe         |       |       |    41 |    34 ||    75
   Fire: Orcbow            |       |       |    36 |       ||    36
Ability: Dig               |     1 |     1 |       |       ||     2
  Evoke: Wand              |       |       |     7 |     1 ||     8
    Use: Potion            |       |     1 |     8 |     1 ||    10
         Scroll            |       |    10 |     7 |       ||    17
   Stab: Paralysed         |       |       |    15 |       ||    15
         Distracted        |       |       |     2 |       ||     2
         Sleeping          |       |       |     1 |       ||     1
         Invisible         |       |       |       |     1 ||     1
 Armour: Scale mail        |    66 |    76 |   106 |       ||   248
         Leather armour    |       |       |   161 |    40 ||   201
         Skin              |       |       |    15 |       ||    15
  Dodge: Dodged            |    30 |    68 |   148 |    12 ||   258
  Block: Buckler           |    19 |    43 |   108 |       ||   170
         Kite shield       |       |       |    21 |    50 ||    71
